 Seeded DCSS version 0.29-a0-72-g1732ff48e7 (webtiles) character file.

Game seed: 10000000000011 (custom seed)

2689 knot the Cleaver (level 9, -1/94 HPs)
             Began as a Demonspawn Berserker on Feb 4, 2022.
             Was a Believer of Trog.
             Slain by Harold (5 damage)
             ... on level 8 of the Dungeon.
             The game lasted 00:08:05 (8873 turns).

knot the Cleaver (Demonspawn Berserker)             Turns: 8873, Time: 00:08:06

Health: -1/94      AC:  0    Str: 19    XL:     9   Next: 38%
Magic:  0/9        EV: 12    Int: 12    God:    Trog [**....]
Gold:   480        SH:  5    Dex: 12    Spells: 8/8 levels left

rFire   + . .      SeeInvis .   s - +0 war axe
rCold   . . .      Faith    .   (no shield)
rNeg    . . .      Spirit   +   a - +2 robe {rF+}
rPois   .          Reflect  +   (no helmet)
rElec   .          Harm     .   (no cloak)
rCorr   .          Rampage  .   (gloves unavailable)
Will    .....                   (no boots)
Stlth   ..........              d - amulet of reflection
HPRegen 0.25/turn               (no ring)
MPRegen 0.22/turn               (no ring)

@: berserking, marked, corroded, very quick
A: powered by death 1, magic shield, magic regeneration, demonic touch 3
a: Renounce Religion, Berserk, Trog's Hand


You were on level 8 of the Dungeon.
You worshipped Trog.
Trog was pleased with you.
You visited 1 branch of the dungeon, and saw 8 of its levels.

You collected 480 gold pieces.

Inventory:

Hand Weapons
 s - a +0 war axe (weapon)
Missiles
 f - 193 stones
 l - 6 poisoned darts
 p - 10 boomerangs (quivered)
 v - 22 sling bullets
 x - a curare-tipped dart
Armour
 a - a +2 robe of fire resistance (worn)
Jewellery
 d - an amulet of reflection (around neck)
Wands
 o - a wand of polymorph (14)
 q - a wand of charming (3)
 r - a wand of flame (26)
 w - a wand of iceblast (6)
Scrolls
 b - 2 scrolls of teleportation {unknown}
 c - a scroll of amnesia {unknown}
 k - 3 scrolls of identify {unknown}
 m - 2 scrolls of blinking {unknown}
 n - a scroll of fog {unknown}
 u - 2 scrolls of holy word {unknown}
Potions
 e - 4 potions of curing {unknown}
 g - a potion of lignification {unknown}
 h - a potion of might {unknown}
 i - a potion of magic {unknown}
 j - a potion of heal wounds {unknown}
 t - a potion of brilliance {unknown}
 z - 2 potions of resistance {unknown}


   Skills:
 - Level 3.0 Fighting
 + Level 12.1 Axes
 - Level 1.7 Armour
 - Level 1.7 Dodging


You had 8 spell levels left.
You didn't know any spells.
Your spell library contained the following spells:

 Spells                   Type           Power      Damage    Failure   Level
 Corpse Rot               Necr/Air       0%         N/A       45%         2
 Ensorcelled Hibernation  Hex/Ice        0%         N/A       45%         2
 Passwall                 Tmut/Erth      0%         N/A       45%         2
 Poisonous Vapours        Pois/Air       0%         N/A       45%         2
 Ozocubu's Armour         Ice            0%         N/A       69%         3
 Swiftness                Air            0%         N/A       69%         3
 Tukima's Dance           Hex            0%         N/A       69%         3
 Anguish                  Hex/Necr       0%         N/A       97%         4
 Metabolic Englaciation   Hex/Ice        0%         N/A       100%        5
 Simulacrum               Ice/Necr       0%         N/A       100%        6
 Enfeeble                 Hex            0%         N/A       100%        7


Dungeon Overview and Level Annotations

Branches:
Dungeon (8/15)             Temple (0/1) D:4
   Lair: D:8-11

Altars:
Okawaru
Ru
Uskayaw

Shops:
D:3 [

Annotations:
D:8 Harold


Innate Abilities, Weirdness & Mutations

You regenerate a little health from kills.
When hurt, damage is shared between your health and your magic reserves.
You regenerate magic rapidly.
Your touch may irresistibly damage your foes and sap their willpower.


Message History

Harold is moderately wounded.
You hit the jelly.
Your hands burn!
Harold hits you with a +0 short sword!
* * * LOW HITPOINT WARNING * * *
The jelly hits you.
* * * LOW HITPOINT WARNING * * *
You are splashed with acid!
* * * LOW HITPOINT WARNING * * *
You slash Harold! You punch Harold, but do no damage.
Harold is heavily wounded.
You hit the jelly.
Your hands burn!
* * * LOW HITPOINT WARNING * * *
Harold points at you and mumbles some strange words.
A sentinel's mark forms upon you. The jelly hits you.
* * * LOW HITPOINT WARNING * * *
You are splashed with acid.
* * * LOW HITPOINT WARNING * * *
You hit Harold but do no damage. Your touch misses Harold.
Harold is heavily wounded.
You slash the jelly!
You kill the jelly!
Trog accepts your kill.
You barely miss Harold.
Harold is heavily wounded.
You block Harold's attack.
You barely miss Harold.
You touch Harold.
You sap his willpower!
Harold is heavily wounded.
You slash Harold!
Harold is severely wounded.
Harold hits you with a +0 short sword.
* * * LOW HITPOINT WARNING * * *
You hit Harold but do no damage.
You touch Harold.
You sap his willpower!
Harold is severely wounded.
You block Harold's attack.
You slash Harold!
Harold is almost dead.
You hit Harold but do no damage.
Harold is almost dead.
Harold hits you with a +0 short sword.
You die... #.#######.##.. #....@@....... #########.###.

You could see Harold (weak-willed).

Vanquished Creatures
  Joseph (D:7)
  A kobold demonologist (D:5)
  A spriggan (D:5)
  A black bear (D:5)
  A necrophage (D:6)
  An ice beast (D:7)
  4 ogres
  A phantom (D:6)
  A kobold brigand (D:7)
  5 scorpions
  2 wyvern zombies (D:7)
  A wyvern skeleton (D:7)
  5 wights (D:7)
  A centaur zombie (D:5)
  An orc priest (D:4)
  3 hounds
  2 jellies
  2 bullfrog skeletons
  3 centaur skeletons
  Ijyb (D:4)
  An orc wizard (D:7)
  A scorpion zombie (D:5)
  7 adders
  A river rat (D:4)
  A shadow imp (D:7)
  A white imp (D:5)
  14 orcs
  5 endoplasms
  2 giant cockroaches
  5 goblins
  5 hobgoblins
  14 jackals
  2 quokkas
  4 ball pythons
  7 bats
  5 frilled lizards
  7 kobolds
  5 rats
125 creatures vanquished.

Notes
Turn   | Place    | Note
-------+----------+-------------------------------------------
     0 | D:1      | knot the Demonspawn Berserker began the quest for the Orb.
     0 | D:1      | Reached XP level 1. HP: 18/18 MP: 1/1
    72 | D:1      | Reached skill level 3 in Axes
   307 | D:1      | Gained mutation: You regenerate magic rapidly. [demonic
                  | ancestry]
   307 | D:1      | Reached XP level 2. HP: 24/24 MP: 2/2
  1351 | D:2      | Gained mutation: Your touch may inflict minor irresistible
                  | damage on your foes. [demonic ancestry]
  1351 | D:2      | Reached XP level 3. HP: 29/29 MP: 3/3
  1438 | D:2      | Reached skill level 4 in Axes
  1923 | D:2      | Reached ** piety under Trog
  1924 | D:2      | Reached XP level 4. HP: 34/35 MP: 4/4
  2215 | D:3      | Noticed an ogre
  2223 | D:3      | Killed an ogre
  2224 | D:3      | Reached skill level 5 in Axes
  2224 | D:3      | Reached XP level 5. HP: 41/41 MP: 5/5
  2316 | D:3      | Found Daocsar's Antique Armour Emporium.
  3019 | D:4      | Reached skill level 6 in Axes
  3381 | D:4      | Noticed Duvessa
  3424 | D:4      | Noticed Dowan
  3425 | D:4      | Noticed Ijyb
  3452 | D:4      | Noticed Dowan
  3452 | D:4      | Dowan changed into Dowan the quokka
  3654 | D:4      | Noticed Duvessa
  3654 | D:4      | Duvessa changed into Duvessa the river rat
  3658 | D:4      | Killed Duvessa the river rat
  3675 | D:3      | Killed Dowan the quokka
  3886 | D:4      | Killed Ijyb
  3887 | D:4      | Gained mutation: Your touch may inflict irresistible damage
                  | on your foes. [demonic ancestry]
  3887 | D:4      | Reached XP level 6. HP: 47/47 MP: 6/6
  3993 | D:4      | Found a staircase to the Ecumenical Temple.
  4405 | D:5      | Entered Level 5 of the Dungeon
  4454 | D:5      | Noticed a kobold demonologist
  4472 | D:5      | Killed a kobold demonologist
  4473 | D:5      | Reached skill level 7 in Axes
  4473 | D:5      | Gained mutation: When hurt, damage is shared between your
                  | health and your magic reserves. [demonic ancestry]
  4473 | D:5      | Reached XP level 7. HP: 52/52 MP: 7/7
  4763 | D:5      | Noticed a spriggan
  4766 | D:5      | Killed a spriggan
  4767 | D:5      | Reached skill level 8 in Axes
  5385 | D:5      | Reached skill level 9 in Axes
  5385 | D:5      | Gained mutation: You regenerate a little health from kills.
                  | [demonic ancestry]
  5385 | D:5      | Reached XP level 8. HP: 52/58 MP: 8/8
  5417 | D:5      | Found a hide-covered altar of Uskayaw.
  6142 | D:6      | Reached skill level 10 in Axes
  7048 | D:6      | Found an iron altar of Okawaru.
  7394 | D:7      | Found a sacrificial altar of Ru.
  7688 | D:7      | Reached skill level 11 in Axes
  7692 | D:7      | Gained mutation: Your touch may irresistibly damage your
                  | foes and sap their willpower. [demonic ancestry]
  7692 | D:7      | Reached XP level 9. HP: 62/62 MP: 6/9
  7855 | D:7      | Noticed Joseph
  7869 | D:7      | Killed Joseph
  8204 | D:7      | Reached skill level 12 in Axes
  8856 | D:8      | Noticed Harold
  8870 | D:8      | HP: 3/94 [Harold (5)]
  8873 | D:8      | Slain by Harold

Illustrated notes

Levels and vault maps discovered:
D:1:      lordsloth_arrival_two_stooges, layout_basic, grunt_decor_fettered,
          minmay_misc_feat_diagonals, nicolae_concentric_dashed_squares_wild
D:2:      layout_rooms, hangedman_decor_clover_reticule
D:3:      layout_basic, serial_shops, shop, kennysheep_path_1
D:4:      layout_rooms, temple_doors_e, uniq_duvessa, uniq_ijyb
D:5:      layout_loops_cross, nicolae_uskayaw_suspiria, item_on_display_a
D:6:      layout_rooms, nicolae_overflow_hidden_temple, grunt_ministairs_6
D:7:      layout_loops_ring, nicolae_ru_awakened_eye, palyth_stone_intersect,
          minmay_misc_feat_alley, minivault_27, uniq_joseph
D:8:      layout_loops_ring, ebering_ghost_disaster_area,
          nicolae_shop_self_help, uniq_harold, uniq_erica, uniq_prince_ribbit1

Skill      XL: |  1  2  3  4  5  6  7  8  9 |
---------------+----------------------------+-----
Axes           | 3 4 5 6 7 9 11 12 | 12.1
Fighting       | |  3.0
Armour         | |  1.7
Dodging        | |  1.7

Action                   |  1- 3 |  4- 6 |  7- 9 || total
-------------------------+-------+-------+-------++-------
Melee: Hand axe          |   112 |    94 |       ||   206
       Touch             |     9 |    22 |    25 ||    56
       Punch             |     1 |       |     2 ||     3
       War axe           |       |    14 |   164 ||   178
Throw: Stone             |       |     2 |     8 ||    10
       Dart              |       |     2 |     2 ||     4
       Boomerang         |       |       |     1 ||     1
Invok: Berserk           |     2 |     5 |    10 ||    17
       Trog's Hand       |       |     1 |       ||     1
Evoke: Wand              |       |     3 |     3 ||     6
 Stab: Sleeping          |     2 |       |       ||     2
Armor: Animal skin       |    15 |    18 |       ||    33
       Robe              |       |     1 |    32 ||    33
Dodge: Dodged            |    65 |    78 |    96 ||   239
Block: Other             |    23 |    34 |    33 ||    90
       Reflection        |       |     1 |     1 ||     2

Table legend: (Time is in decaauts)
 A = Elapsed time spent in this place.
 B = Non-inter-level travel time spent in this place.
 C = Inter-level travel time spent in this place.
 D = Time resting spent in this place.
 E = Time spent auto-exploring this place.
 F = Levels seen in this place.
 G = Mean time per level.
                   A        B        C        D        E       F      G
               +--------+--------+--------+--------+--------+-----+--------+
         Total |   9028 |   8772 |    256 |   3853 |   3922 |   8 | 1128.5 |
       Dungeon |   9028 |   8772 |    256 |   3853 |   3922 |   8 | 1128.5 |
               +--------+--------+--------+--------+--------+-----+--------+

Top non-repeatable levels by time:
     D:7: 1726 daAuts
     D:5: 1681 daAuts
     D:1: 1358 daAuts
     D:4: 1345 daAuts
     D:6: 1135 daAuts
     D:3: 974 daAuts
     D:2: 793 daAuts
     D:8: 13 daAuts
